Selects Australian Defense Battlegroup
Selects Australian Light Infantry Section
Australian Light Infantry Section
Australian Light Infantry Section
Construct Section Command Post
Construct Platoon Command Post
Selects CMP 15cwt Supply Run
6-pounder Anti-tank Gun Team
Construct Company Command Post
Selects Defensive Tactics
Selects 2-pounder Anti-tank Gun Team
Unlock M3 Grant Medium Tanks
Selects Vehicle Over Repair
Selects Reinforced Resource Caches
Selects Charged Creeping Barrage